 Dungeon Crawl Stone Soup version 0.24-a0-584-g9d6b971ae4 (webtiles) character file.

Game seed: 10113315311317300611, levelgen mode: deterministic

813 Gynju the Shield-Bearer (level 8, 0/62 HPs)
             Began as a Formicid Fighter on Aug 30, 2019.
             Killed from afar by an orc wizard (6 damage)
             ... with a magic dart
             ... on level 4 of the Dungeon.
             The game lasted 00:10:27 (4311 turns).

Gynju the Shield-Bearer (Formicid Fighter)          Turns: 4311, Time: 00:10:28

Health: 0/62       AC:  7    Str: 23    XL:     8   Next: 15%
Magic:  8/8        EV:  8    Int:  8    God:
Gold:   259        SH: 10    Dex: 10    Spells: 7/7 levels left

rFire    . . .     SeeInvis +   a - +0 war axe
rCold    . . .     Gourm    .   c - +0 shield
rNeg     . . .     Faith    .   b - +0 scale mail
rPois    .         Spirit   .   (helmet unavailable)
rElec    .         Reflect  .   (no cloak)
rCorr    .         Harm     .   (no gloves)
MR       .....                  (no boots)
Stlth    ..........             (no amulet)
HPRegen  0.20/turn              (no ring)
MPRegen  0.11/turn              (no ring)

@: no status effects
A: permanent stasis, dig shafts and tunnels, four strong arms, antennae 3
a: Dig, Shaft Self


You were on level 4 of the Dungeon.
You were not hungry.

You visited 1 branch of the dungeon, and saw 5 of its levels.

You collected 259 gold pieces.

Inventory:

Hand Weapons
 a - a +0 war axe (weapon)
 v - the +8 dagger of the Enchanted Forest {pierce, +Rage Int+7 Stlth-}
   (You found it on level 5 of the Dungeon)

   It inflicts extra damage upon your enemies.
   It affects your intelligence (+7).
   It lets you go berserk.
   It makes you less stealthy.
Armour
 b - a +0 scale mail (worn)
 c - a +0 shield (worn)
Jewellery
 e - an uncursed amulet of the acrobat {unknown}
 y - an uncursed ring of resist corrosion {unknown}
Scrolls
 g - 5 scrolls of identify {unknown}
 h - 4 scrolls of remove curse {unknown}
 k - 2 scrolls of enchant armour {unknown}
 l - 2 scrolls of immolation {unknown}
 o - a scroll of blinking {unknown}
 p - 3 scrolls of enchant weapon {unknown}
 q - a scroll of fog {unknown}
 r - a scroll of amnesia {unknown}
 x - a scroll of teleportation {unknown}
Potions
 d - a potion of cancellation {unknown}
 i - a potion of heal wounds {unknown}
 j - a potion of resistance {unknown}
 m - 2 potions of ambrosia {unknown}
 n - 2 potions of haste {unknown}
 s - 2 potions of degeneration {unknown}
 t - a potion of flight {unknown}
 w - 2 potions of berserk rage {unknown}
 z - 2 potions of invisibility {unknown}
Comestibles
 f - 5 rations
 u - 3 chunks of flesh


   Skills:
 + Level 5.3 Fighting
 * Level 5.7 Axes
 + Level 5.3 Armour
 + Level 5.8 Shields


You had 7 spell levels left.
You didn't know any spells.
Your spell library was empty.

Dungeon Overview and Level Annotations

Branches:
Dungeon (5/15)
 Temple: D:4-7

Altars:
Cheibriados
Hepliaklqana
Makhleb
Qazlal


Innate Abilities, Weirdness & Mutations

You cannot be hasted, slowed, berserked, paralysed or teleported.
You can dig through walls and to a lower floor.
Your four strong arms can wield two-handed weapons with a shield.
You have a pair of large antennae on your head. (SInv)


Message History

You kill the orc!
The orc wizard hits you but does no damage.
The orc wizard closely misses you.
The orc wizard is no longer moving quickly.
You block the orc wizard's attack.
The orc wizard gestures wildly while chanting.
The orc wizard seems to speed up.
The orc wizard points at you and mumbles some strange words.
The puff of frost hits you.
* * * LOW HITPOINT WARNING * * *
The orc wizard casts a spell at you. The puff of frost misses you.
The orc wizard gestures at you while chanting.
The puff of frost hits you but does no damage.
The orc wizard points at you and mumbles some strange words.
The puff of flame hits you.
* * * LOW HITPOINT WARNING * * *
The orc wizard points at you and mumbles some strange words.
The magic dart hits you.
You die...

####### #...>.# #.....#
#.....# { #.....# {
#.....# ######.### #.
..# #.# #. #.# #@#
#..####.###.# #.
#..#......o.#### #.#
### ##
#..#.##...O....######.#
#.. .#
#.......l#####.#......#
##.# .# ##.......#
#........# #... .#
###.##.....# #)..####.#
#... ## #......###.#
#..#####.###..#
####......#
#.#####..##..........


You could see an ogre, an orc wizard and a frilled lizard.

Vanquished Creatures
  Sigmund (D:3)
  An ogre (D:4)
  2 scorpions
  A bullfrog zombie (D:5)
  A crimson imp (D:3)
  A hound (D:5)
  An orc priest (D:4)
  2 centaur skeletons
  3 worker ants
  Robin (D:4)
  6 adders
  2 oozes
  A worm (D:5)
  3 dart slugs
  5 leopard geckos
  17 orcs
  3 giant cockroaches
  16 goblins
  9 hobgoblins
  13 jackals (D:2)
  11 kobolds
  2 quokkas
  11 bats
  5 frilled lizards
  A quokka skeleton (D:4)
  6 rats
125 creatures vanquished.

Notes
Turn   | Place    | Note
-------+----------+-------------------------------------------
     0 | D:1      | Gynju the Formicid Fighter began the quest for the Orb.
     0 | D:1      | Reached XP level 1. HP: 18/18 MP: 1/1
    67 | D:1      | Reached XP level 2. HP: 12/24 MP: 2/2
   504 | D:1      | Reached XP level 3. HP: 25/29 MP: 3/3
  1070 | D:2      | Reached XP level 4. HP: 34/37 MP: 4/4
  1882 | D:2      | Reached XP level 5. HP: 42/42 MP: 5/5
  1968 | D:3      | Found a burning altar of Makhleb.
  2097 | D:3      | Noticed a green death
  2115 | D:3      | Found a stormy altar of Qazlal.
  2133 | D:3      | Reached XP level 6. HP: 46/48 MP: 6/6
  2184 | D:3      | Found a snail-covered altar of Cheibriados.
  2867 | D:3      | Noticed Sigmund
  2883 | D:3      | Killed Sigmund
  2883 | D:3      | Reached skill level 5 in Shields
  2883 | D:3      | Reached XP level 7. HP: 29/55 MP: 0/7
  2884 | D:3      | You fall into a shaft and drop 2 floors!
  2884 | D:5      | Entered Level 5 of the Dungeon
  3199 | D:5      | Got a twisted dagger
  3322 | D:5      | Reached skill level 5 in Axes
  3361 | D:5      | Identified the +8 dagger of the Enchanted Forest {pierce,
                  | +Rage Int+7 Stlth-} (You found it on level 5 of the
                  | Dungeon)
  3406 | D:4      | Reached skill level 5 in Armour
  3433 | D:4      | Reached skill level 5 in Fighting
  3824 | D:4      | Noticed Robin
  3851 | D:4      | Killed Robin
  3910 | D:4      | Found a hazy altar of Hepliaklqana.
  3943 | D:4      | Reached XP level 8. HP: 55/62 MP: 8/8
  4311 | D:4      | Killed from afar by an orc wizard

Levels and vault maps discovered:
D:1:      dpeg_arrival_concentric_ovals, layout_rooms, serial_curves,
          eino_curves_01, eino_curves_02
D:2:      layout_loops_ring
D:3:      layout_loops_corners, lemuel_coloured_pillars_altar,
          lemuel_round_altar, makhleb_altar_promises_db, lemuel_statue_altar,
          uniq_sigmund
D:4:      layout_loops_cross, nicolae_overflow_hidden_temple, first_ration,
          minmay_shop_mass, grunt_ministairs_10, uniq_robin
D:5:      layout_basic, feat_on_display

Skill      XL: |  1  2  3  4  5  6  7 |
---------------+----------------------+-----
Shields        | 4 5 |  5.8
Axes           | 3 4 5 |  5.7
Fighting       | 4 5 |  5.3
Armour         | 4 5 |  5.3

Action                   |  1- 3 |  4- 6 |  7- 9 || total
-------------------------+-------+-------+-------++-------
Melee: War axe           |    96 |   199 |   100 ||   395
       Dagger            |       |       |    16 ||    16
  Use: Potion            |       |     1 |       ||     1
  Eat: Chunk             |     1 |     6 |     5 ||    12
Armor: Scale mail        |    50 |    90 |    37 ||   177
Dodge: Dodged            |    32 |    84 |    36 ||   152
Block: Shield            |    54 |   116 |    48 ||   218

Table legend:
 A = Non-vault XP
 B = Vault XP
 C = Vault XP percentage of total XP
 D = Non-vault monster count
 E = Vault monster count
 F = Vault count percentage of total count
                 A         B        C        D         E       F
            +---------+---------+-------+---------+---------+-------
      Total |     905 |     257 |  22.1 |     112 |      13 |  10.4
            +---------+---------+-------+---------+---------+-------
        D:1 |      49 |       0 |   0.0 |      24 |       0 |   0.0
        D:2 |      91 |       0 |   0.0 |      35 |       0 |   0.0
        D:3 |     211 |     220 |  51.0 |      27 |       1 |   3.6
        D:4 |     359 |      37 |   9.3 |      14 |      12 |  46.2
        D:5 |     195 |       0 |   0.0 |      12 |       0 |   0.0
            +---------+---------+-------+---------+---------+-------
